 Dungeon Crawl Stone Soup version 0.19.0-16-g73b5abf (webtiles) character file.

73 IcyTea the Cutter (level 4, -1/28 HPs)
             Began as a Halfling Summoner on Nov 10, 2016.
             Slain by an orc priest
             ... wielding a +0 flail
              (5 damage)
             ... on level 3 of the Dungeon.
             The game lasted 00:06:53 (2193 turns).

IcyTea the Cutter (Halfling Summoner)               Turns: 2193, Time: 00:06:54

Health: -1/28      AC:  3    Str:  9    XL:     4   Next: 51%
Magic:  15/15      EV: 14    Int: 18    God:
Gold:   58         SH:  0    Dex: 15    Spells: 1 memorised, 5 levels left

rFire  + . .     SeeInvis .     a - +2 short sword (drain)
rCold  . . .     Gourm    .     m - +0 leather armour {rF+}
rNeg   . . .     Faith    .     (shield restricted)
rPois  .         Spirit   .     (no helmet)
rElec  .         Reflect  .     (no cloak)
rCorr  .         Harm     .     (no gloves)
MR     .....                    (no boots)
Stlth  ++........               (no amulet)
                                (no ring)
                                p - ring of magical power

@: brilliant, very slightly contaminated
A: mutation resistance 1
a: no special abilities


You were on level 3 of the Dungeon.
You were not hungry.

You visited 1 branch of the dungeon, and saw 3 of its levels.

You collected 58 gold pieces.

Inventory:

Hand Weapons
 a - a +2 short sword of draining (weapon)
 b - a +0 hunting sling
 l - a +3 dagger
Missiles
 n - 26 sling bullets
Armour
 m - a +0 leather armour of fire resistance (worn)
Jewellery
 o - an uncursed amulet of faith {unknown}
 p - a ring of magical power (left hand)
Scrolls
 k - a scroll of fog
Potions
 e - a potion of haste
 i - a potion of heal wounds {unknown}
 j - a potion of ambrosia
Comestibles
 c - 2 bread rations
 f - 2 beef jerkies
 g - 4 fruits


   Skills:
 - Level 1.0 Fighting
 - Level 4.0 Short Blades
 + Level 0.8 Slings
 - Level 2.1 Dodging
 - Level 2.1 Stealth
 - Level 1.5 Spellcasting
 - Level 3.2 Summonings


You had 5 spell levels left.
You knew the following spells:

 Your Spells              Type           Power        Failure   Level  Hunger
a - Summon Small Mammal   Summ           ###.         1%          1    ##.....


Dungeon Overview and Level Annotations

Branches:
Dungeon (3/15)

Altars:


Innate Abilities, Weirdness & Mutations

You are small and have problems with some larger weapons.
You are somewhat resistant to further mutation.


Message History

A puff of flame appears from out of thin air!
The puff of flame hits you! You resist. Something hits you but does no damage.
The orc priest hits you with a flail. The orc priest closely misses you.
Something barely misses you.
You closely miss the orc priest. The orc priest barely misses you.
You hit the orc priest.
The orc priest is moderately wounded.
Something hits you but does no damage.
You hit the orc priest.
The orc priest is moderately wounded.
Something hits you.
* * * LOW HITPOINT WARNING * * *
The orc priest barely misses you.
It was a potion of mutation.
You feel extremely strange. Something hits you.
* * * LOW HITPOINT WARNING * * *
The orc priest closely misses you.
It was a potion of brilliance.
You feel clever all of a sudden. Something closely misses you.
The orc priest hits you with a flail.
You die...

#####
.>####...# #.#
.S.....###.###
#..........#
#o# #.#.# ###{#
##.#.####
#.@o###........
#..........#
#.#####..#.##
#.# #..<..#
#........#..#
#..####.##..#
#.. #.# ....
#..# #.# ....#
#.# (...#


You could see an orc priest and an orc.

Vanquished Creatures
  3 adders
  2 worms (D:2)
  A dart slug (D:2)
  5 orcs (D:3)
  3 giant cockroaches
  4 hobgoblins
  A ball python (D:2)
  4 bats
  4 frilled lizards
  4 goblins
  A kobold (D:1)
  5 rats
37 creatures vanquished.

Vanquished Creatures (collateral kills)
  A kobold (D:1)
  A bat (D:1)
2 creatures vanquished.

Vanquished Creatures (others)
  4 toadstools (D:1)
4 creatures vanquished.

Grand Total: 43 creatures vanquished

Notes
Turn   | Place    | Note
-------+----------+-------------------------------------------
     0 | D:1      | IcyTea the Halfling Summoner began the quest for the Orb.
     0 | D:1      | Reached XP level 1. HP: 11/11 MP: 3/3
   386 | D:1      | Reached skill level 1 in Fighting
   432 | D:1      | Reached XP level 2. HP: 18/18 MP: 4/4
   634 | D:1      | Reached skill level 1 in Short Blades
   842 | D:2      | Reached skill level 2 in Short Blades
  1210 | D:1      | Reached XP level 3. HP: 23/23 MP: 5/5
  1490 | D:2      | Reached skill level 3 in Short Blades
  1771 | D:2      | Reached XP level 4. HP: 26/28 MP: 6/6
  2168 | D:3      | Reached skill level 4 in Short Blades
  2193 | D:3      | Slain by an orc priest

Skill      XL: |  1  2  3  4 |
---------------+-------------+-----
Fighting       | 1 |  1.0
Short Blades   | 2 3 4 |  4.0
Slings         | |  0.8
Dodging        | |  2.1
Stealth        | |  2.1
Spellcasting   | |  1.5
Summonings     | |  3.2

Action                   |  1- 3 |  4- 6 || total
-------------------------+-------+-------++-------
Melee: Unarmed           |    37 |       ||    37
       Short sword       |    53 |    31 ||    84
 Cast: Summon Small Mamm |     5 |     1 ||     6
  Use: Scroll            |     4 |       ||     4
       Potion            |     1 |     2 ||     3
 Stab: Sleeping          |     4 |     1 ||     5
  Eat: Chunk             |     3 |     1 ||     4
Armor: Robe              |    11 |       ||    11
       Leather armour    |     7 |     3 ||    10
Dodge: Dodged            |    50 |    20 ||    70
